 Dungeon Crawl Stone Soup version 0.30-a0-585-g93115170b9 (webtiles) character file.

Game seed: 8338212325240462943

76979 Shayle the Reanimator (level 15, 0/122 HPs)
             Began as a Demonspawn Reaver on Jan 2, 2023.
             Was a Priest of Ashenzari.
             Slain by a naga simulacrum (4 damage)
             ... while paralysed by an orc sorcerer
             ... on level 1 of the Orcish Mines on Jan 3, 2023.
             The game lasted 01:41:49 (28774 turns).

Shayle the Reanimator (Demonspawn Reaver)          Turns: 28774, Time: 01:41:49

Health: 0/122      AC: 14    Str: 12    XL:     15   Next: 14%
Magic:  12/42      EV: -1    Int: 21    God:    Ashenzari [***...]
Gold:   1772       SH:  0    Dex: 26    Spells: 8/26 levels left

rFire   . . .      SeeInvis +    P - +2 war axe (drain)
rCold   + + .      Faith    .    z - +3 buckler of the Eternal Fruit {rElec MP+9 Dex+2}
rNeg    . . .      Spirit   .    S - +3 leather armour of Luoduxed {rC+ Dex+3}
rPois   .          Reflect  +    (no helmet)
rElec   +          Harm     .    q - +0 cloak
rCorr   .          Rampage  .    w - +0 pair of gloves of Ashenzari's Irritation {Alch, Self} (curse)
Will    +....      Clarity  +    d - +1 pair of boots "Bound Together" {rC+ Dex+4, Cun, Alch} (curse)
Stlth   +++++                    a - amulet "Thunder Perfect Mind" {Reflect SH+5, Fort, Comp} (curse)
HPRegen 1.40/turn                E - ring of the Shattered Sage {AC+4, Range, Elem} (curse)
MPRegen 0.28/turn                D - ring of Ashenzari's Yoke {MP+9, Elem, Self} (curse)

@: paralysed, constricted, studying Necromancy, invisible
A: thin skeletal structure 2, demonic guardian 1, powered by death 3, demonic
touch 2
a: Renounce Religion, Curse Item, Shatter the Chains


You were on level 1 of the Orcish Mines.
You worshipped Ashenzari.
Ashenzari was most pleased with you.
You visited 4 branches of the dungeon, and saw 20 of its levels.
You also visited: Sewer and Ossuary.

You collected 1959 gold pieces.
You spent 187 gold pieces at shops.

Inventory:

Hand Weapons
 f - a +1 broad axe of electrocution
 i - a +5 eveningstar
 p - a +3 glaive of freezing
 P - a +2 war axe of draining (weapon)
Missiles
 o - 4 datura-tipped darts
 L - 3 curare-tipped darts
 Y - a throwing net
Armour
 d - the cursed +1 pair of boots "Bound Together" (worn) {rC+ Dex+4, Cun, Alch}
   (You acquired it on level 8 of the Dungeon)

   Dex:       It affects your dexterity (+4).
   rC:        It protects you from cold.
   It has a curse which improves the following skills: Cunning: Dodging and
   Stealth.
   Alchemy:   Poison Magic and Transmutations.
 j - a +1 robe of cold resistance
 q - a +0 cloak (worn)
 w - the cursed +0 pair of gloves of Ashenzari's Irritation (worn) {Alch, Self}
   (You found it on level 4 of the Dungeon)

   It has a curse which improves the following skills: Alchemy: Poison Magic and
   Transmutations.
   Introspection: Fighting and Spellcasting.
 x - +2 ice dragon scales
 z - the +3 buckler of the Eternal Fruit (worn) {rElec MP+9 Dex+2}
   (You acquired it on level 10 of the Dungeon)

   Dex:       It affects your dexterity (+2).
   rElec:     It insulates you from electricity.
   MP:        It affects your magic capacity (+9).
 A - a +0 troll leather armour
 S - the +3 leather armour of Luoduxed (worn) {rC+ Dex+3}
   (You found it on level 11 of the Dungeon)

   Dex:       It affects your dexterity (+3).
   rC:        It protects you from cold.
Jewellery
 a - the cursed amulet "Thunder Perfect Mind" (around neck) {Reflect SH+5, Fort, Comp}
   (You found it on level 7 of the Dungeon)

   [amulet of reflection]

   It reflects blocked missile attacks.
   SH:        It affects your SH (+5).
   It has a curse which improves the following skills: Fortitude: Armour and
   Shields.
   Companions: Summonings and Necromancy.
 e - a ring of flight
 l - the ring of Tuetif {rC+ rN+++ MP+9 AC+4 Slay-6}
   (You found it on level 3 of the Dungeon)

   [ring of protection]

   AC:        It affects your AC (+4).
   Slay:      It affects your accuracy & damage with ranged weapons and melee
   (-6).
   rC:        It protects you from cold.
   rN:        It renders you almost immune to negative energy.
   MP:        It affects your magic capacity (+9).
 n - a +5 ring of evasion
 D - the cursed ring of Ashenzari's Yoke (right hand) {MP+9, Elem, Self}
   (You found it on level 4 of the Dungeon)

   [ring of magical power]

   MP:        It affects your magic capacity (+9).
   It has a curse which improves the following skills: Elements: Fire Magic, Ice
   Magic, Air Magic and Earth Magic.
   Introspection: Fighting and Spellcasting.
 E - the cursed ring of the Shattered Sage (left hand) {AC+4, Range, Elem}
   (You took it off an orc priest on level 6 of the Dungeon)

   [ring of protection]

   AC:        It affects your AC (+4).
   It has a curse which improves the following skills: Ranged Combat: Ranged
   Weapons and Throwing.
   Elements:  Fire Magic, Ice Magic, Air Magic and Earth Magic.
 M - a ring of protection from fire
Wands
 k - a wand of charming (4) (quivered)
 y - a wand of flame (63)
 H - a wand of iceblast (9)
 U - a wand of acid (5)
 X - a wand of digging (4)
Scrolls
 c - 2 scrolls of immolation
 r - 8 scrolls of poison
 s - 5 scrolls of amnesia
 u - 8 scrolls of teleportation
 C - 3 scrolls of silence
 R - 2 scrolls of magic mapping
 W - a scroll of blinking
Potions
 g - 3 potions of brilliance
 h - 2 potions of resistance
 m - a potion of cancellation
 t - 3 potions of magic
 B - 3 potions of might
 F - 3 potions of flight
 J - 7 potions of attraction
 K - 8 potions of curing
 O - a potion of berserk rage
 Q - 3 potions of haste
 T - a potion of invisibility
 V - a potion of lignification


   Skills:
 + Level 10.1(12.5) Fighting
 - Level 2.6 Axes
 + Level 7.3(9.0) Ranged Weapons
 + Level 9.1(10.7) Dodging
 - Level 4.0(5.5) Stealth
 - Level 4.0(5.4) Shields
 - Level 3.8(6.0) Spellcasting
 + Level 9.4 Conjurations
 + Level 14.5(16.1) Necromancy
 - Level 3.0(5.1) Transmutations
 + Level 7.2(9.7) Fire Magic
 + Level 5.4(7.8) Ice Magic
 + Level 7.4(10.0) Air Magic
 + Level 9.6(12.0) Earth Magic


You had 8 spell levels left.
You knew the following spells:

 Your Spells              Type           Power      Damage    Failure   Level
a - Kiss of Death         Conj/Necr      100%       2d13      1%          1
b - Stone Arrow           Conj/Erth      100%       3d13      1%          3
c - Frozen Ramparts       Ice            78%        1d12      1%          3
d - Borgnjor's Vile Clut  Necr/Erth      30%        N/A       1%          5
e - Iron Shot             Conj/Erth      25%        9d5       30%         6

Your spell library contained the following spells:

 Spells                   Type           Power      Damage    Failure   Level
 Freeze                   Ice            100%       1d10      1%          1
 Magic Dart               Conj           100%       1d8       1%          1
 Sandblast                Erth           100%       2d20      1%          1
 Passwall                 Tmut/Erth      35%        N/A       1%          2
 Searing Ray              Conj           92%        2d7       1%          2
 Hailstorm                Conj/Ice       42%        3d10      1%          3
 Animate Dead             Necr           65%        N/A       1%          4
 Momentum Strike          Conj/Tloc      52%        3d9       3%          2
 Poisonous Vapours        Pois/Air       56%        N/A       3%          2
 Mephitic Cloud           Conj/Pois/Air  34%        N/A       3%          3
 Vhi's Electric Charge    Tloc/Air       54%        N/A       6%          3
 Inner Flame              Hex/Fire       26%        N/A       7%          3
 Arcjolt                  Conj/Air       23%        1d33      9%          5
 Animate Armour           Summ/Erth      64%        N/A       13%         4
 Fulminant Prism          Conj/Hex       13%        3d8       24%         4
 Gell's Gravitas          Tloc           6%         N/A       43%         3
 Portal Projectile        Hex/Tloc       12%        N/A       43%         3
 Teleport Other           Tloc           6%         N/A       43%         3
 Tukima's Dance           Hex            6%         N/A       43%         3
 Blade Hands              Tmut           13%        N/A       50%         5
 Infestation              Necr           32%        N/A       82%         8
 Alistair's Intoxication  Tmut/Pois      11%        N/A       83%         5
 Cause Fear               Hex            3%         N/A       85%         4
 Summon Forest            Summ/Tloc      3%         N/A       99%         5
 Summon Mana Viper        Hex/Summ       6%         N/A       99%         5
 Haunt                    Necr/Summ      20%        N/A       99%         7
 Dispersal                Tloc           3%         N/A       100%        6
 Eringya's Noxious Bog    Tmut/Pois      8%         N/A       100%        6
 Summon Cactus Giant      Summ           3%         N/A       100%        6
 Discord                  Hex            3%         N/A       100%        8
 Maxwell's Capacitive Co  Air            24%        ∞         100%        8


Dungeon Overview and Level Annotations

Branches:
Dungeon (13/15)            Temple (1/1) D:7            Lair (5/5) D:11
  Swamp (0/4) Lair:3        Snake (0/4) Lair:3        Slime (0/5) Lair:5
    Orc (1/2) D:12          Sewer (visited)         Ossuary (visited)
 Vaults: D:13-14

Altars:
Ashenzari
Cheibriados
Dithmenos
Fedhas
Gozag
Hepliaklqana
Kikubaaqudgha
Makhleb
Nemelex Xobeh
Okawaru
Qazlal
Ru
Sif Muna
Trog
Uskayaw
Vehumet
Wu Jian
Xom
Yredelemnul
Jiyva

Shops:
D:3 (

Portals:
Ice
Cave: Orc:1

Annotations:
D:2 Sigmund
D:4 Duvessa


Innate Abilities, Weirdness & Mutations

You have a moderately thin skeletal structure. (Dex +4, Stealth++)
A weak demonic guardian rushes to your aid.
You regenerate a lot of health from kills.
Your touch may inflict irresistible damage on your foes.


Message History

The naga simulacrum hits you but does no damage.
The naga simulacrum constricts you.
The elephant simulacrum tramples you but does no damage.
The elephant simulacrum trunk-slaps you but does no damage.
The orc sorcerer hits you with a +0 dagger. x2
The spriggan simulacrum hits you but does no damage.
The naga simulacrum hits you. The naga simulacrum freezes you. You resist.
* * * LOW HITPOINT WARNING * * *
The naga simulacrum constricts you.
* * * LOW HITPOINT WARNING * * *
The elephant simulacrum tramples you.
* * * LOW HITPOINT WARNING * * *
You are held in place!
The elephant simulacrum trunk-slaps you but does no damage.
The orc sorcerer hits you with a +0 dagger.
* * * LOW HITPOINT WARNING * * *
The orc sorcerer hits you but does no damage.
The spriggan simulacrum hits you but does no damage.
The naga simulacrum hits you!
* * * LOW HITPOINT WARNING * * *
The naga simulacrum freezes you. You resist.
* * * LOW HITPOINT WARNING * * *
The naga simulacrum constricts you.
The red devil hits you but does no damage.
An orc comes into view. It is wielding a +0 dagger.
You float gracefully downwards.
The elephant simulacrum completely misses you.
The elephant simulacrum trunk-slaps you but does no damage.
The orc sorcerer hits you with a +0 dagger.
* * * LOW HITPOINT WARNING * * *
The orc sorcerer mumbles some strange words.
The spriggan simulacrum hits you.
* * * LOW HITPOINT WARNING * * *
The spriggan simulacrum freezes you. You resist.
* * * LOW HITPOINT WARNING * * *
The orange demon stings you from afar.
* * * LOW HITPOINT WARNING * * *
The red devil hits you but does no damage.
The naga simulacrum hits you.
You die...

* .........4.##* , * ,
............# * , * *
.. .#.....)....#.## ,
... , #.............# ,
,
..^.,##.#.........#.#.
*
....##.#.#...#$>...#..,
......................
*
....$.ZZ4o4).....$....
, *
...∩.ZZZ@o4...........
..$....Z.#oo........##
#......####.........# *
*####### ,.o.. , , , {
.o. , * , , {{, .. * ,,
,* ., * * , **, * ,,


You could see an orange demon (summoned, unable to see you), 2 orc sorcerers, 2
red devils, an orc warrior (wandering, unable to see you), 2 orc wizards, 2
elephant simulacra, a spriggan simulacrum (unable to see you), 3 naga simulacra
and an orc (wandering, unable to see you).

Vanquished Creatures
  Jorgrun (Orc:1)
  Kirke (Lair:5)
  An orc warlord (Orc:1)
  An ice dragon (Lair:5)
  4 hydras
  A catoblepas (Lair:4)
  3 boulder beetles
  A two-headed ogre (D:12)
  9 death yaks (Lair:5)
  Urug (Orc:1)
  2 bog bodies (Lair:3)
  A lindwurm (Lair:5)
  A wolf spider (Lair:5)
  3 ugly things
  A cyclops (D:12)
  A guardian serpent (Lair:5)
  26 elephants
  5 slime creatures
  8 black mambas
  Joseph (D:10)
  A gargoyle (D:12)
  10 cane toads
  5 torpor snails (Lair:5)
  2 unseen horrors (D:11)
  4 komodo dragons
  7 rime drakes
  4 unseen horror zombies (D:9)
  12 trolls
  A polar bear (Lair:1)
  Prince Ribbit (D:8)
  4 tyrant leeches (Lair:5)
  20 blink frogs
  10 hornets
  A shadow (D:11)
  A wraith (D:11)
  36 yaks
  14 wyverns
  3 basilisks
  6 hogs (Lair:5)
  10 vampire mosquitoes (D:12)
  A redback (Lair:5)
  5 nagas (Lair:3)
  2 wargs (D:12)
  3 swamp worms (Lair:3)
  19 water moccasins
  4 orc warriors
  A sky beast (D:8)
  3 black bears
  5 ogres
  5 ice beasts
  3 wolves (Lair:2)
  13 centaurs
  2 phantoms
  3 kobold brigands
  A wyvern zombie (D:9)
  12 bullfrogs
  6 water moccasin zombies (Ossuary)
  12 wights
  Dowan (D:4)
  A killer bee (D:7)
  An elephant simulacrum (Orc:1)
  3 electric eels
  A lava snake (D:10)
  A crimson imp (D:6)
  2 centaur zombies (D:9)
  20 orc priests
  3 hounds
  Ijyb (D:3)
  4 iguanas
  15 orc wizards
  7 hell rats (Lair:1)
  2 mummies (Ossuary)
  2 howler monkey zombies (D:9)
  12 gnolls
  8 adders
  A shadow imp (D:7)
  2 white imps (D:6)
  2 ufetubi
  6 adder zombies (Ossuary)
  3 worms
  2 dart slugs (D:1)
  52 orcs
  5 endoplasms
  15 giant cockroaches
  15 goblins
  7 hobgoblins
  15 kobolds
  5 quokkas
  7 ball pythons
  7 bats
  12 frilled lizards
  7 gnoll zombies (Ossuary)
  2 hobgoblin zombies (Ossuary)
  4 kobold zombies (Ossuary)
  2 orc zombies (Ossuary)
  6 rats
585 creatures vanquished.

Vanquished Creatures (collateral kills)
  A cane toad (Lair:4)
  3 yaks
  A water moccasin (D:8)
  A gnoll sergeant (D:8)
  3 wights
  2 killer bees
  An iguana (D:5)
  4 gnolls
  An orc (D:7)
  4 kobolds (D:8)
21 creatures vanquished.

Vanquished Creatures (others)
  Menkaure (D:6)
  A wight (D:7)
  A gnoll bouda (D:6)
  An orc wizard (Orc:1)
  A wolf simulacrum (Orc:1)
  3 gnolls
  An adder (D:6)
  A kobold (D:8)
  63 fungi
  88 plants
161 creatures vanquished.

Grand Total: 767 creatures vanquished

Notes
Turn   | Place    | Note
-------+----------+-------------------------------------------
     0 | D:1      | Shayle the Demonspawn Reaver began the quest for the Orb.
     0 | D:1      | Reached XP level 1. HP: 16/16 MP: 3/3
     3 | D:1      | Noticed an electric eel
     4 | D:1      | Noticed an electric eel
   159 | D:1      | Gained mutation: You have a somewhat thin skeletal
                  | structure. (Dex +2, Stealth+) [demonic ancestry]
   159 | D:1      | Reached XP level 2. HP: 22/22 MP: 5/5
   443 | D:1      | Reached skill level 1 in Necromancy
   639 | D:2      | Gained mutation: You regenerate a little health from kills.
                  | [demonic ancestry]
   639 | D:2      | Reached XP level 3. HP: 28/28 MP: 6/6
   645 | D:2      | Reached skill level 1 in Stealth
   702 | D:2      | Reached skill level 1 in Earth Magic
   849 | D:2      | Found a faded altar of an unknown god.
   901 | D:2      | Noticed Sigmund
  1608 | D:3      | Reached XP level 4. HP: 34/34 MP: 7/7
  1685 | D:3      | HP: 1/34 [orc/+0 mace (3)]
  1847 | D:3      | Noticed Ijyb
  1866 | D:3      | Killed Ijyb
  1869 | D:3      | Identified the ring of Tuetif {rC+ rN+++ MP+9 AC+4 Slay-6}
  2124 | D:3      | Reached skill level 2 in Necromancy
  2235 | D:3      | Found Metsol's Weapon Boutique.
  2240 | D:3      | Bought a +1 glaive of freezing for 187 gold pieces
  2444 | D:4      | Reached XP level 5. HP: 21/26 MP: 8/8
  2472 | D:4      | Noticed Dowan
  2490 | D:4      | Killed Dowan
  2581 | D:4      | Noticed Duvessa
  2591 | D:4      | Found a glowing drain.
  2603 | Sewer    | Entered a sewer
  2870 | Sewer    | Reached XP level 6. HP: 41/46 MP: 9/9
  3677 | D:4      | Found an ornate altar of the Wu Jian Council.
  3677 | D:4      | Found a shimmering blue altar of Sif Muna.
  3678 | D:4      | Found a hazy altar of Hepliaklqana.
  3738 | D:5      | Entered Level 5 of the Dungeon
  3763 | D:5      | Reached skill level 3 in Necromancy
  3932 | D:4      | Found an opulent altar of Gozag.
  3962 | D:4      | Gained mutation: Your touch may inflict minor irresistible
                  | damage on your foes. [demonic ancestry]
  3962 | D:4      | Reached XP level 7. HP: 38/53 MP: 10/10
  4539 | D:5      | Reached skill level 4 in Necromancy
  4883 | D:6      | Reached skill level 5 in Necromancy
  4883 | D:6      | Reached XP level 8. HP: 31/61 MP: 11/11
  5014 | D:6      | Learned a level 3 spell: Stone Arrow
  5238 | D:6      | Reached skill level 5 in Fighting
  5284 | D:6      | Reached skill level 6 in Necromancy
  5385 | D:6      | Found a large runed translucent door.
  5386 | D:6      | Found a large runed translucent door.
  5395 | D:6      | Found a radiant altar of Vehumet.
  5467 | D:6      | Found a sacrificial altar of Ru.
  6174 | D:8      | Noticed Prince Ribbit
  6207 | D:8      | Killed Prince Ribbit
  6208 | D:8      | Reached skill level 5 in Dodging
  6208 | D:8      | Reached skill level 7 in Necromancy
  6208 | D:8      | Gained mutation: Your touch may inflict irresistible damage
                  | on your foes. [demonic ancestry]
  6208 | D:8      | Reached XP level 9. HP: 38/68 MP: 12/12
  6240 | D:8      | Found a sand-covered staircase.
  6248 | Ossuary  | Entered an ossuary
  6621 | D:8      | Reached skill level 5 in Earth Magic
  6879 | D:8      | Reached skill level 8 in Necromancy
  6989 | D:7      | Reached skill level 5 in Conjurations
  7000 | D:7      | Found a staircase to the Ecumenical Temple.
  7005 | Temple   | Entered the Ecumenical Temple
  7222 | Temple   | Became a worshipper of Ashenzari the Shackled
  7844 | D:7      | Reached skill level 9 in Necromancy
  8015 | D:7      | Gained mutation: A weak demonic guardian rushes to your
                  | aid. [demonic ancestry]
  8015 | D:7      | Reached XP level 10. HP: 62/77 MP: 13/13
  8405 | D:8      | Identified a scroll of acquirement
  8405 | D:8      | Acquired the +1 pair of boots of Absence {rC+ Dex+4}
  9232 | D:7      | Noticed Menkaure
 10106 | D:6      | Your ally Menkaure died
 10373 | D:7      | Reached skill level 1 in Air Magic
 10673 | D:9      | Found a basalt altar of Yredelemnul.
 10691 | D:9      | Reached skill level 1 in Ranged Weapons
 10691 | D:9      | Reached skill level 1 in Fire Magic
 10695 | D:9      | Reached skill level 10 in Necromancy
 10943 | D:9      | Noticed a two-headed ogre
 11392 | D:9      | Reached * piety under Ashenzari
 11393 | D:9      | Reached XP level 11. HP: 81/81 MP: 16/16
 12275 | D:10     | Entered Level 10 of the Dungeon
 12446 | D:10     | Noticed Joseph
 12557 | D:10     | Killed Joseph
 12660 | D:10     | Acquired the +3 buckler of the Eternal Fruit {rElec MP+9
                  | Dex+2}
 13109 | D:10     | Reached ** piety under Ashenzari
 13441 | D:11     | Noticed a boulder beetle
 13671 | D:11     | Identified the +3 leather armour of Luoduxed {rC+ Dex+3}
 13708 | D:11     | Killed a boulder beetle
 13709 | D:11     | Gained mutation: You regenerate health from kills. [demonic
                  | ancestry]
 13709 | D:11     | Reached XP level 12. HP: 94/94 MP: 19/19
 13900 | D:11     | Reached skill level 1 in Shields
 13900 | D:11     | Reached skill level 11 in Necromancy
 13940 | D:11     | Found a staircase to the Lair.
 14380 | Lair:1   | Entered Level 1 of the Lair of Beasts
 14739 | D:12     | Noticed a boulder beetle
 14816 | D:11     | Learned a level 3 spell: Frozen Ramparts
 15197 | Lair:1   | Acquired Great Wizards, Vol. II
 15238 | Lair:1   | Learned a level 5 spell: Borgnjor's Vile Clutch
 15537 | Lair:1   | Reached skill level 5 in Air Magic
 15689 | Lair:1   | Reached skill level 1 in Ice Magic
 16895 | Lair:2   | Noticed a seven-headed hydra
 16910 | Lair:2   | Killed a seven-headed hydra
 16911 | Lair:2   | Reached skill level 5 in Ranged Weapons
 17126 | Lair:2   | Reached skill level 5 in Fire Magic
 17692 | Lair:3   | Reached skill level 12 in Necromancy
 17862 | Lair:3   | Gained mutation: You have a moderately thin skeletal
                  | structure. (Dex +4, Stealth++) [demonic ancestry]
 17862 | Lair:3   | Reached XP level 13. HP: 104/104 MP: 21/21
 19461 | Lair:5   | Entered Level 5 of the Lair of Beasts
 20953 | Lair:3   | Reached skill level 13 in Necromancy
 20995 | Lair:3   | Found a staircase to the Swamp.
 21187 | Lair:3   | Found a staircase to the Snake Pit.
 22218 | D:12     | Reached *** piety under Ashenzari
 22316 | D:12     | Gained mutation: You regenerate a lot of health from kills.
                  | [demonic ancestry]
 22316 | D:12     | Reached XP level 14. HP: 114/114 MP: 23/23
 22808 | D:12     | Found a staircase to the Orcish Mines.
 25258 | Lair:5   | Found a runed translucent door.
 25478 | Lair:5   | Reached skill level 14 in Necromancy
 25634 | Lair:5   | Noticed Kirke
 25735 | Lair:4   | Identified the cursed +0 pair of gloves of Ashenzari's
                  | Irritation {Alch, Self} (You found it on level 4 of the
                  | Dungeon)
 25735 | Lair:4   | Identified the cursed ring of the Shattered Sage {AC+4,
                  | Range, Elem} (You took it off an orc priest on level 6 of
                  | the Dungeon)
 25735 | Lair:4   | Identified the cursed ring of Ashenzari's Yoke {MP+9, Elem,
                  | Self} (You found it on level 4 of the Dungeon)
 25843 | Lair:4   | Paralysed by a hornet for 1 turns
 25980 | Lair:4   | Learned a level 6 spell: Iron Shot
 26207 | Lair:5   | Reached skill level 5 in Ice Magic
 26609 | Lair:5   | Identified the Incunable of Filth
 27124 | Lair:5   | Found a viscous altar of Jiyva.
 27124 | Lair:5   | Found a staircase to the Slime Pits.
 27223 | Lair:5   | Reached skill level 10 in Fighting
 27223 | Lair:5   | Killed Kirke
 27883 | D:11     | Reached XP level 15. HP: 122/122 MP: 23/24
 28664 | Orc:1    | Entered Level 1 of the Orcish Mines
 28672 | Orc:1    | Noticed Urug
 28680 | Orc:1    | Killed Urug
 28744 | Orc:1    | Noticed Jorgrun
 28762 | Orc:1    | Found a frozen archway.
 28762 | Orc:1    | Killed Jorgrun
 28771 | Orc:1    | Paralysed by an orc sorcerer for 4 turns
 28774 | Orc:1    | HP: 6/122 [spriggan simulacrum (4)]
 28774 | Orc:1    | Slain by a naga simulacrum

Illustrated notes

Levels and vault maps discovered:
D:1:      arrival_aquarium_b, layout_basic
D:2:      layout_rooms, shapermc_ecumenical_altar_mp_ritualfount, uniq_sigmund
D:3:      kennysheep_the_goblin_king, layout_rooms,
          mainiacjoe_overflow_small_starburst, serial_shops,
          nicolae_shop_crystal
D:4:      minmay_spotlight, layout_loops_ring, grunt_temple_overflow_diamond,
          grunt_gozag_statues, portal_sewer_entry_c, serial_co_window_serial,
          co_window_of_opportunity_a, co_window_of_opportunity_a,
          co_window_paths_a, co_window_paths_a, co_window_of_opportunity_a,
          co_window_broadway_b, co_window_broadway_b, co_window_2corner,
          co_window_of_opportunity_c, co_window_corner_cb, co_window_broadway_b,
          glass_columns_c, glass_columns_a, abandoned_shop, uniq_duvessa
D:5:      layout_cave_pods, chequers_serial_rivers_small_3,
          minmay_misc_feat_enclosed, minmay_tree_intersection,
          kennysheep_doodads
D:6:      layout_loops_ring, jmf_multi_god_temple2,
          hangedman_decor_clover_reticule, minmay_fire_ice_demons
D:7:      minmay_the_grid_square_5x5_3x3 [minmay_the_grid_square_5x5_c,
          minmay_the_grid_square_5x5_mess, minmay_the_grid_square_5x5_n,
          minmay_the_grid_square_5x5_shrine1,
          minmay_the_grid_square_5x5_megaprize_hollow,
          minmay_the_grid_square_5x5_comb,
          minmay_the_grid_square_5x5_three_small,
          minmay_the_grid_square_5x5_inverted_slash,
          minmay_the_grid_square_5x5_corner], layout_loops_cross,
          minmay_temple_entry_wispy, uniq_menkaure
D:8:      layout_loops_ring, nicolae_ossuary_entry_ruins, uniq_prince_ribbit1
D:9:      layout_stronghold, nicolae_yredelemnul_corpse_copse
D:10:     layout_big_octagon, uniq_joseph
D:11:     layout_loops_corners, lair_entry_dummy,
          chequers_serial_rivers_large_a, st_stairs_9
D:12:     layout_long_grid, erik_orc_4
D:13:     layout_small_grid
Temple:   jpeg_temple_clearing
Lair:1:   layout_chaotic_city, serial_bayou_crossing, grunt_megastairs_3,
          serial_bayou_shore_b
Lair:2:   layout_gridlike
Lair:3:   layout_hall_layers, nicolae_swamp_entry_splash_gauntlet,
          minmay_snake_entry_guardpost_medium, grunt_megastairs_1
Lair:4:   layout_big_grid
Lair:5:   wormcave, layout_small_grid, hangedman_lair_tendril_chambers,
          dpeg_slime_entry_enclosed, uniq_kirke
Orc:1:    dreamdust_dug_too_deep, layout_caves,
          portal_ice_cave_entry_ice_simulacra, uniq_jorgrun, uniq_urug

Skill      XL: |  1  2  3  4  5  6  7  8  9 10 11 12 13 14 |
---------------+-------------------------------------------+-----
Dodging        | 2 3 4 5 6 7 8 9 |  9.1
Necromancy     | 1 2 3 5 7 9 10 12 13 14 | 14.5
Stealth        | 1 2 3 4 |  4.0
Earth Magic    | 1 2 3 4 5 7 8 9 |  9.6
Fighting       | 3 4 5 6 7 8 9 10 | 10.1
Conjurations   | 4 5 6 7 8 9 |  9.4
Air Magic      | 3 4 5 6 7 |  7.4
Ranged Weapons | 3 4 5 6 7 |  7.3
Fire Magic     | 3 4 5 6 7 |  7.2
Spellcasting   | 3 |  3.8
Transmutations | 3 |  3.0
Shields        | 3 4 |  4.0
Ice Magic      | 2 3 5 |  5.4
Axes           | |  2.6

Action                   |  1- 3 |  4- 6 |  7- 9 | 10-12 | 13-15 || total
-------------------------+-------+-------+-------+-------+-------++-------
Melee: Hand axe          |   150 |    63 |       |       |       ||   213
       Punch             |     2 |     1 |       |       |       ||     3
       Glaive            |       |   165 |   457 |   238 |       ||   860
       War axe           |       |       |       |   201 |   210 ||   411
       Touch             |       |       |       |     4 |       ||     4
 Cast: Kiss of Death     |       |     4 |       |       |       ||     4
       Stone Arrow       |       |       |       |   105 |    19 ||   124
       Borgnjor's Vile C |       |       |       |    63 |   333 ||   396
       Frozen Ramparts   |       |       |       |       |     2 ||     2
       Iron Shot         |       |       |       |       |    16 ||    16
Invok: Curse Item        |       |       |       |     4 |     1 ||     5
Evoke: Wand              |       |    13 |    23 |    27 |    12 ||    75
  Use: Potion            |       |     3 |     3 |     3 |     3 ||    12
       Scroll            |       |     6 |    10 |    13 |     3 ||    32
 Stab: Sleeping          |     9 |     9 |     3 |     9 |       ||    30
Armor: Leather armour    |    54 |    37 |       |    63 |    81 ||   235
       Ice dragon scales |       |    37 |   431 |    10 |       ||   478
       Skin              |       |       |     3 |       |       ||     3
       Robe              |       |       |       |   132 |       ||   132
       Troll leather arm |       |       |       |    23 |       ||    23
Dodge: Dodged            |   107 |   301 |   391 |   537 |   204 ||  1540
Block: Buckler           |       |       |       |   239 |   271 ||   510
       Reflection        |       |       |       |     3 |    17 ||    20

Table legend: (Time is in decaauts)
 A = Elapsed time spent in this place.
 B = Non-inter-level travel time spent in this place.
 C = Inter-level travel time spent in this place.
 D = Time resting spent in this place.
 E = Time spent auto-exploring this place.
 F = Levels seen in this place.
 G = Mean time per level.
                   A        B        C        D        E       F      G
               +--------+--------+--------+--------+--------+-----+--------+
         Total |  29727 |  28389 |   1338 |   8082 |  11589 |  22 | 1351.2 |
       Dungeon |  17089 |  16207 |    882 |   3579 |   6843 |  13 | 1314.5 |
        Temple |    268 |    217 |     51 |      0 |    202 |   1 |  268.0 |
          Lair |  11187 |  10783 |    404 |   4386 |   4273 |   5 | 2237.4 |
  Orcish Mines |    114 |    114 |      0 |     10 |      0 |   1 |  114.0 |
         Sewer |    646 |    646 |      0 |      7 |    267 |   1 |  646.0 |
       Ossuary |    420 |    420 |      0 |    100 |      3 |   1 |  420.0 |
               +--------+--------+--------+--------+--------+-----+--------+

Top non-repeatable levels by time:
  Lair:5: 4892 daAuts
    D:11: 2399 daAuts
     D:9: 2040 daAuts
  Lair:4: 1931 daAuts
     D:6: 1884 daAuts
    D:12: 1810 daAuts
  Lair:3: 1802 daAuts
     D:7: 1513 daAuts
     D:4: 1477 daAuts
  Lair:2: 1456 daAuts
     D:8: 1373 daAuts
     D:1: 1128 daAuts
  Lair:1: 1105 daAuts
     D:5: 1012 daAuts
     D:3: 883 daAuts
